[Event "Late-Titled-Tuesday-Blitz-April-02-2024"]
[Site "Chess.com"]
[Date "2024.04.02"]
[Round "2"]
[White "Masterisback04"]
[Black "fmcabralis"]
[Result "1-0"]
[WhiteElo "2029"]
[BlackElo "2401"]
[TimeControl "180+1"]
[EndTime "14:16:33 PDT"]
[Termination "Masterisback04 won by resignation"]

1. e4 c5 2. d4 cxd4 3. c3 e5 4. cxd4 exd4 5. Nf3 Nc6 6. Bc4 Nf6 7. Ng5 d5 8. exd5 Na5 9. O-O Nxc4 10. Qa4+ Bd7 11.
Qxc4 Bd6 12. Re1+ Kf8 13. Qxd4 h6 14. Nf3 Qb6 15. Bf4 Bc5 16. Qd2 Rd8 17. Nc3 Kg8 18.
h3 Kh7 19. Ne5 Be8 20. Rad1 Bb4 21. Qc2+ g6 22. Nc4 Qa6 23. Qb3 Bxc3 24. Qxc3 Rc8 25. d6 Qxc4 26. Qxf6 Bd7 27. Re7 Be6 28. Re1 Rhg8 29.
R1xe6 Rcf8 1-0

[Event "Late-Titled-Tuesday-Blitz-April-02-2024"]
[Site "Chess.com"]
[Date "2024.04.02"]
[Round "2"]
[White "DanielNaroditsky"]
[Black "xasid81"]
[Result "1-0"]
[WhiteElo "3151"]
[BlackElo "2622"]
[TimeControl "180+1"]
[EndTime "14:16:35 PDT"]
[Termination "DanielNaroditsky won by resignation"]

1. e4 c6 2. Nf3 d5 3. exd5 cxd5 4. d4 Nf6 5. Ne5 a6 6. Bd3 e6 7. c3 Be7 8. O-O O-O 9. Bf4 Nc6 10. Nd2 Nxe5 11.
dxe5 Nd7 12. Qh5 g6 13. Qh6 f6 14. Bxg6 hxg6 15. Qxg6+ Kh8 16. Qh5+ Kg8 17. Bh6 Nxe5 18. f4 Qe8 19. Qxe8 Rxe8 20. fxe5 fxe5 21. Rf3 e4 22. Rg3+ Kh7 23. Be3 e5 24. Rf1 Be6 25. Bg5 Bc5+ 26. Be3 Be7 27. Bg5 Bc5+ 28. Kh1 Rf8 29. Bf6 Rf7 30.
Bxe5 Rxf1+ 31. Nxf1 Rf8 32. Rg7+ Kh6 33. Ng3 e3 34. h4 Bd6 35. Rg5 Rf1+ 36. Kh2 Be7 37. Bg7+ Kh7 38. Re5 Bd6 39. Rxe6 Bf4 40. Bd4 1-0

[Event "Late-Titled-Tuesday-Blitz-April-02-2024"]
[Site "Chess.com"]
[Date "2024.04.02"]
[Round "2"]
[White "Meri-Arabidze"]
[Black "Godzillator"]
[Result "1-0"]
[WhiteElo "2696"]
[BlackElo "2372"]
[TimeControl "180+1"]
[EndTime "14:16:36 PDT"]
[Termination "Meri-Arabidze won by resignation"]

1. d4 d5 2. Nf3 Nf6 3. c4 e6 4. g3 Be7 5. Bg2 O-O 6. O-O c6 7. Qc2 Nbd7 8. b3 b6 9. Nc3 Bb7 10.
Rd1 Rc8 11. e4 dxe4 12. Nxe4 Nxe4 13. Qxe4 Nf6 14. Qe2 Qe8 15. Ne5 Nd7 16. Bf4 Nxe5 17. Bxe5 Ba8 18. Qg4 g6 19. Re1 f5 20. Qe2 Bb4 21. Red1 Qf7 22. h4 Rfe8 23. a3 Bf8 24. b4 c5 25. Bxa8 Rxa8 26. dxc5 bxc5 27. b5 Rad8 28. a4 Bg7 29. a5 Bxe5 30. Qxe5 Qg7 31. Qxc5 Qb2 32. Qxa7 Rd2 33. Qe3 Red8 34. Qxe6+ Kh8 35.
Rdb1 Qd4 36. Qe3 Qxc4 37. Qe5+ Kg8 38. Re1 Qc2 39. Qe6+ Kg7 40. Qe7+ Kg8 41. Rac1 Qb2 42. Rc7 1-0

[Event "Late-Titled-Tuesday-Blitz-April-02-2024"]
[Site "Chess.com"]
[Date "2024.04.02"]
[Round "2"]
[White "Shankland"]
[Black "ValeriyGrinev"]
[Result "1-0"]
[WhiteElo "2912"]
[BlackElo "2583"]
[TimeControl "180+1"]
[EndTime "14:16:39 PDT"]
[Termination "Shankland won by resignation"]

1. e4 c5 2. Nf3 e6 3. d4 cxd4 4.
Nxd4 a6 5. c4 Nf6 6. Nc3 Qc7 7.
Be2 Bb4 8. f3 b6 9. O-O Bb7 10.
Be3 Bxc3 11. bxc3 d6 12. a4 Nbd7 13. a5 bxa5 14. Nb3 O-O 15. Nxa5 Nc5 16. Qd2 Rfd8 17.
Rfd1 Ne8 18. h4 Rdc8 19. h5 h6 20. Rdb1 Rcb8 21. g4 Bc8 22. Rd1 Nb3 23. Nxb3 Rxb3 24. c5 dxc5 25. Bf4 Qb6 26. Qd8 Bb7 27. Qxb6 Rxb6 28.
Be3 Rc8 29. Rdb1 Rxb1+ 30. Rxb1 Rc7 31. Rb6 Nf6 32. Bf4 Rd7 33. Bd6 Ne8 34. Bxc5 Rc7 35. Bd4 Kf8 36. Kf2 Ke7 37. Ke3 f6 38. e5 fxe5 39.
Bxe5 Rd7 40. c4 Nd6 41. Bxd6+ 1-0

[Event "Late-Titled-Tuesday-Blitz-April-02-2024"]
[Site "Chess.com"]
[Date "2024.04.02"]
[Round "2"]
[White "Koksal06"]
[Black "miraitrunks"]
[Result "1/2-1/2"]
[WhiteElo "2629"]
[BlackElo "2192"]
[TimeControl "180+1"]
[EndTime "14:16:39 PDT"]
[Termination "Game drawn by repetition"]

1. c4 c5 2. Nc3 Nc6 3. g3 g6 4.
Bg2 Bg7 5. e3 Nf6 6. Nge2 O-O 7.
O-O e6 8. d4 cxd4 9. Nxd4 Qb6 10. b3 Rd8 11. Bb2 d5 12. cxd5 Nxd5 13. Nxd5 exd5 14.
Rc1 Nxd4 15. Bxd4 Bxd4 16. Qxd4 Qxd4 17. exd4 Rd6 18. Rc7 Rc6 19. Rc1 Rxc1+ 20. Rxc1 Be6 21. Rc7 b6 22. Kf1 Kf8 23. Ke2 Ke8 24. Kd2 Kd8 25.
Rb7 Kc8 26. Re7 Kd8 27. Rb7 Kc8 28. Re7 Kd8 29. Rb7 1/2-1/2

[Event "Late-Titled-Tuesday-Blitz-April-02-2024"]
[Site "Chess.com"]
[Date "2024.04.02"]
[Round "2"]
[White "Blackwhite017"]
[Black "KetiTsatsalashvili"]
[Result "0-1"]
[WhiteElo "2073"]
[BlackElo "2428"]
[TimeControl "180+1"]
[EndTime "14:16:41 PDT"]
[Termination "KetiTsatsalashvili won by resignation"]

1. e4 c5 2. Nf3 d6 3. Nc3 Nf6 4.
e5 dxe5 5. Nxe5 Nbd7 6. Nc4 e6 7. g3 Be7 8. Bg2 O-O 9. d3 h6 10. O-O Nb6 11. Nxb6 Qxb6 12. a4 Bd7 13. a5 Qc7 14. Re1 Bc6 15. Bf4 Bd6 16. Bxc6 Qxc6 17. Bxd6 Qxd6 18. Qf3 Nd5 19. Nxd5 exd5 20. Re2 Rad8 21. Rae1 Qc7 22. a6 bxa6 23. Re7 Qb6 24. b3 a5 25. R1e5 Qd6 26. Re2 Qb6 27. R2e5 Qd6 28.
Re2 Rd7 29. Re8 a6 30. Rxf8+ Kxf8 31. Qg4 g6 32. Qh4 Kg7 33. Qa4 Qc7 34. Qa1+ d4 35. Qa4 h5 36. h4 Rd6 37. Re1 Rf6 38. Ra1 Qe5 39. Qxa5 Qe2 40. Rf1 Qxc2 41. Qxa6 Rxa6 0-1

[Event "Late-Titled-Tuesday-Blitz-April-02-2024"]
[Site "Chess.com"]
[Date "2024.04.02"]
[Round "2"]
[White "KorolDimitriy75"]
[Black "Franmu14"]
[Result "0-1"]
[WhiteElo "2364"]
[BlackElo "2678"]
[TimeControl "180+1"]
[EndTime "14:16:42 PDT"]
[Termination "Franmu14 won on time"]

1. d4 d5 2. c4 e6 3. Nc3 Nf6 4. Bg5 Nbd7 5. cxd5 exd5 6. e3 c6 7. Bd3 h6 8. Bh4 Be7 9. Qc2 Nh5 10. Bxe7 Qxe7 11. Nge2 Nhf6 12. O-O O-O 13. Rae1 Re8 14. Ng3 Nb6 15. f3 c5 16. Qf2 Be6 17. dxc5 Qxc5 18. Nge2 Nc4 19. Nd4 a6 20. Bxc4 dxc4 21.
Nxe6 Rxe6 22. e4 Qxf2+ 23. Kxf2 b5 24. a3 Rb8 25. Re2 Nd7 26. Rd1 Nc5 27. Rd5 Nd3+ 28.
Ke3 g5 29. Rd2 Kg7 30. Ne2 Reb6 31. Nd4 b4 32. Nf5+ Kh7 33. axb4 Rxb4 34. Rd6 Rxb2 35.
Rxh6+ Kg8 36. Rxb2 Rxb2 37. Rxa6 Rxg2 38. Kd4 Nb2 39.
Rb6 Rxh2 40. Ke5 c3 41. Rc6 c2 42. Kf6 Nd3 0-1

[Event "Late-Titled-Tuesday-Blitz-April-02-2024"]
[Site "Chess.com"]
[Date "2024.04.02"]
[Round "2"]
[White "WCM-Mexicana"]
[Black "Vahe_Danielyan"]
[Result "0-1"]
[WhiteElo "2348"]
[BlackElo "2651"]
[TimeControl "180+1"]
[EndTime "14:16:43 PDT"]
[Termination "Vahe_Danielyan won by checkmate"]

1. d4 Nf6 2. c4 e6 3. Nc3 Bb4 4.
f3 c5 5. dxc5 Qa5 6. Bd2 Na6 7.
a3 Bxc3 8. Bxc3 Qxc5 9. e4 d6 10. Nh3 e5 11. Nf2 Be6 12. Nd3 Qc7 13. b3 O-O 14.
Nb4 Nc5 15. Be2 a5 16. Nd5 Bxd5 17. exd5 a4 18. b4 Nb3 19. Ra2 b5 20. Rc2 bxc4 21. Bb2 Qb6 22. Bxc4 Rac8 23. Bxb3 axb3 24. Rxc8 Rxc8 25. Qxb3 Qb5 26. Kf2 Nxd5 27. Rd1 Nf4 28. Rd2 h5 29. g3 Nh3+ 30. Kg2 Ng5 31. a4 Qb7 32. b5 e4 33. Qd5 exf3+ 34. Kf1 Qe7 35.
Rd1 Qe2+ 36. Kg1 Qg2# 0-1

[Event "Late-Titled-Tuesday-Blitz-April-02-2024"]
[Site "Chess.com"]
[Date "2024.04.02"]
[Round "2"]
[White "Shiner22"]
[Black "PotapovaM"]
[Result "0-1"]
[WhiteElo "2288"]
[BlackElo "2541"]
[TimeControl "180+1"]
[EndTime "14:16:43 PDT"]
[Termination "PotapovaM won on time"]

1. e4 e6 2. d4 d5 3. e5 c5 4. c3 Bd7 5. Nf3 a6 6. Bd3 Bb5 7. O-O Nh6 8. Bxb5+ axb5 9. dxc5 Bxc5 10. Bg5 Be7 11.
Bxe7 Qxe7 12. Nd4 Nc6 13. Nxb5 Nxe5 14. Qd4 f6 15. Nd2 O-O 16. Kh1 Nf5 17. Qf4 g5 18.
Qb4 Qf7 19. Nd4 Nc6 20. Nxc6 bxc6 21. c4 Rfb8 22. Qc3 d4 23. Qc2 c5 24. a3 Nh4 25.
Ne4 Qg6 26. f3 Nf5 27. Rf2 Ne3 28. Qd3 Rc8 29. Re1 f5 30. Nd6 Rd8 31. Nb5 e5 32.
Rd2 Qh5 33. b4 Qh4 34. Rde2 e4 0-1

[Event "Late-Titled-Tuesday-Blitz-April-02-2024"]
[Site "Chess.com"]
[Date "2024.04.02"]
[Round "2"]
[White "Mikhail_Golubev"]
[Black "sergiochess83"]
[Result "0-1"]
[WhiteElo "2599"]
[BlackElo "2974"]
[TimeControl "180+1"]
[EndTime "14:16:45 PDT"]
[Termination "sergiochess83 won on time"]

1. e4 e6 2. d4 d5 3. e5 c5 4. c3 Nc6 5. Nf3 Bd7 6. Be2 f6 7.
O-O fxe5 8. Nxe5 Nxe5 9. dxe5 Qc7 10. c4 Qxe5 11. Re1 O-O-O 12. Bf3 Qf5 13. cxd5 exd5 14. Nc3 Nf6 15. g4 Nxg4 16. Nxd5 Ne5 17. Rxe5 Qxe5 18. Bf4 Qf5 19. Qe2 Qg6+ 20. Kh1 Bd6 21. Ne7+ Bxe7 22. Qxe7 Bc6 0-1

[Event "Late-Titled-Tuesday-Blitz-April-02-2024"]
[Site "Chess.com"]
[Date "2024.04.02"]
[Round "2"]
[White "Hrant_ChessMood"]
[Black "AllStarShark"]
[Result "1-0"]
[WhiteElo "2931"]
[BlackElo "2525"]
[TimeControl "180+1"]
[EndTime "14:16:47 PDT"]
[Termination "Hrant_ChessMood won by resignation"]

1. d4 d5 2. c4 dxc4 3. e3 e5 4. Bxc4 exd4 5. exd4 Bd6 6. Nf3 Nf6 7. Qe2+ Qe7 8. Qxe7+ Bxe7 9. O-O c6 10. Re1 Nbd7 11.
Nc3 Nb6 12. Bb3 Nbd5 13. Bg5 Be6 14. Bxf6 gxf6 15. Nxd5 Bxd5 16. Bxd5 cxd5 17. Nh4 Kd7 18. Nf5 Rhe8 19. Kf1 Bb4 20. Rxe8 Rxe8 21. a3 Ba5 22.
Rc1 Bb6 23. Rd1 Re4 24. h3 h5 25. b3 Rf4 26. Ne3 Kd6 27. Nc2 Re4 28. Rd3 h4 29. g3 f5 30. gxh4 Rxh4 31. a4 a6 32. Kg2 Ke6 33.
b4 Kf6 34. f3 Rh8 35. b5 axb5 36.
axb5 Rg8+ 37. Kf1 Rc8 38. Nb4 Ke6 39. Re3+ Kd6 40. Re5 Rc1+ 41. Ke2 Rb1 42. Rxd5+ Ke6 43. Re5+ Kf6 44. Nd5+ Kg5 45. Nxb6 Kf4 46. Nd5+ 1-0

[Event "Late-Titled-Tuesday-Blitz-April-02-2024"]
[Site "Chess.com"]
[Date "2024.04.02"]
[Round "2"]
[White "kiwibobo"]
[Black "Itay121"]
[Result "0-1"]
[WhiteElo "2301"]
[BlackElo "2546"]
[TimeControl "180+1"]
[EndTime "14:16:48 PDT"]
[Termination "Itay121 won by resignation"]

1. e4 Nf6 2. e5 Nd5 3. d4 d6 4.
c4 Nb6 5. f4 dxe5 6. fxe5 Bf5 7. Nc3 e6 8. Nf3 Bb4 9. Be3 O-O 10. Be2 Nc6 11. O-O f6 12. exf6 Qxf6 13. a3 Bxc3 14.
bxc3 Rae8 15. d5 exd5 16. Bxb6 axb6 17. cxd5 Ne5 18. Nd4 Qg5 19. Nxf5 Rxf5 20. Rxf5 Qxf5 21. Qd4 Ng6 22. Bc4 Kh8 23. Rf1 Qe5 24. Qxe5 Nxe5 25. d6 Nxc4 26. dxc7 Nd6 27. Rd1 Nc8 28. Rd8 Rg8 29.
Kf2 g6 30. Ke3 Kg7 31. Kd4 Kf7 32. Kc4 Re8 33. Kb5 Ke7 34. Rd1 Rf8 35. c4 Rf5+ 36.
Kb4 Rc5 37. Re1+ Kd7 38. Rf1 Rxc7 39. Rf7+ Kc6 40. Rf6+ Nd6 41. h4 Rf7 42. Re6 Rf4 43. Kb3 Rxh4 44. g3 Rg4 45. Kb4 Rxc4+ 46. Kb3 Rg4 47.
Re7 Rxg3+ 48. Ka4 Rg4+ 49. Kb3 h5 50. a4 h4 51. a5 bxa5 52. Re3 Rg3 53. Ka4 b5+ 54.
Kxa5 Rxe3 55. Kb4 0-1

[Event "Late-Titled-Tuesday-Blitz-April-02-2024"]
[Site "Chess.com"]
[Date "2024.04.02"]
[Round "2"]
[White "CatLoverPL"]
[Black "NowInChess"]
[Result "1-0"]
[WhiteElo "2496"]
[BlackElo "2245"]
[TimeControl "180+1"]
[EndTime "14:16:48 PDT"]
[Termination "CatLoverPL won on time"]

1. g3 Nf6 2. Bg2 g6 3. c4 Bg7 4.
Nf3 d6 5. O-O O-O 6. Nc3 e5 7.
d3 a5 8. Rb1 Nh5 9. a3 f5 10. Bd2 h6 11. b4 axb4 12. axb4 g5 13. b5 f4 14. Nd5 Nd7 15. b6 Nxb6 16. Nxb6 cxb6 17. Qb3 Be6 18. Qxb6 Ra2 19. Rfd1 Qxb6 20. Rxb6 g4 21. Nh4 fxg3 22. hxg3 e4 23. Rxb7 exd3 24.
exd3 Bd4 25. Be3 Bxe3 26. fxe3 Nxg3 27. Ng6 Ne2+ 28. Kh1 Rf2 29. Bc6 Nc3 30. Rc1 Rh2+ 31. Kg1 Ne2+ 32. Kxh2 Nxc1+ 33. Kg3 Nxd3 34. Re7 Bxc4 35.
Rd7 d5 36. Bxd5+ Bxd5 37. Rxd5 Kg7 38. Ne7 Ne1 39. Kxg4 Rg2+ 40. Kf4 1-0

[Event "Late-Titled-Tuesday-Blitz-April-02-2024"]
[Site "Chess.com"]
[Date "2024.04.02"]
[Round "2"]
[White "Fh2411"]
[Black "combidharma"]
[Result "0-1"]
[WhiteElo "2570"]
[BlackElo "2859"]
[TimeControl "180+1"]
[EndTime "14:16:50 PDT"]
[Termination "combidharma won on time"]

1. d4 Nf6 2. Nf3 g6 3. Bg5 Bg7 4. e3 O-O 5. c4 c5 6. Nc3 cxd4 7. Nxd4 d6 8. Be2 Qa5 9. Bxf6 Bxf6 10. O-O Nc6 11. Nd5 Bxd4 12. exd4 e6 13. Nc3 e5 14.
dxe5 dxe5 15. Bf3 Nd4 16. Bd5 Be6 17. Re1 Qc7 18. b3 Rae8 19. Qd2 Kg7 20. Re3 f6 21. Rae1 a6 22. Bxe6 Nxe6 23. Nd5 Qc5 24. g3 Rd8 25.
Qe2 Nd4 26. Qd3 b5 27. Kg2 Rc8 28. Rc1 Rfd8 29. Qe4 Rxd5 30. cxd5 Qxc1 31. Rd3 Qc5 32. f4 Qd6 33. fxe5 fxe5 0-1

[Event "Late-Titled-Tuesday-Blitz-April-02-2024"]
[Site "Chess.com"]
[Date "2024.04.02"]
[Round "2"]
[White "VD_coach"]
[Black "KaydenTroffChess"]
[Result "1-0"]
[WhiteElo "2583"]
[BlackElo "2837"]
[TimeControl "180+1"]
[EndTime "14:16:50 PDT"]
[Termination "VD_coach won by resignation"]

1. d4 Nf6 2. c4 g6 3. Nf3 Bg7 4. g3 c5 5. d5 b5 6. cxb5 a6 7.
b6 d6 8. Nc3 Qxb6 9. Bg2 a5 10.
O-O Na6 11. Nd2 O-O 12. Nc4 Qd8 13. e4 Nd7 14. Re1 Nc7 15. e5 Nxe5 16. Nxe5 Bxe5 17. Rxe5 dxe5 18. d6 exd6 19. Bxa8 Nxa8 20. Ne4 d5 21.
Bg5 Qb6 22. Nf6+ Kg7 23. Nxd5 Qxb2 24. Bf6+ Kh6 25. Rb1 Bg4 26. Qe1 Qxb1 27. Qxb1 Kh5 28. Qc1 h6 29. f3 Bxf3 30. h3 g5 31. Ne7 Nc7 32. g4+ Kh4 33. Qe1+ Kxh3 34. Bxe5 Kxg4 35. Qg3+ Kh5 36. Qxf3+ g4 37. Qf5+ Kh4 38. Kg2 1-0

[Event "Late-Titled-Tuesday-Blitz-April-02-2024"]
[Site "Chess.com"]
[Date "2024.04.02"]
[Round "2"]
[White "Szachulec75"]
[Black "emeli_chess"]
[Result "0-1"]
[WhiteElo "2034"]
[BlackElo "2421"]
[TimeControl "180+1"]
[EndTime "14:16:50 PDT"]
[Termination "emeli_chess won by resignation"]

1. Nf3 f5 2. g3 Nf6 3. Bg2 g6 4. d3 Bg7 5. O-O O-O 6. c4 d6 7.
Nc3 e5 8. Rb1 h6 9. b4 g5 10.
Nd5 Be6 11. b5 Nbd7 12. a4 c6 13. Nxf6+ Nxf6 14. bxc6 bxc6 15. Nd2 Qc7 16. Ba3 Rab8 17. Qc2 c5 18. Rxb8 Rxb8 19. Rb1 Rxb1+ 20. Qxb1 Qb6 21. Qxb6 axb6 22. Nb3 d5 23. cxd5 Bxd5 24. Bxd5+ Nxd5 25. a5 bxa5 26. Nxa5 Bf8 27. Kf1 Kf7 28. Nb7 Nb4 29.
Bxb4 cxb4 30. Na5 Ke6 31. Ke1 Kd5 32. Kd2 e4 33. dxe4+ Kxe4 34. Nb3 g4 35. Kc2 h5 36.
Kd2 Bh6+ 37. Kc2 Bf8 38. Kd2 Bd6 39. Kc2 f4 40. Nd2+ Kd4 41. gxf4 Bxf4 42. e3+ Bxe3 43. fxe3+ Kxe3 44. Nf1+ Kf2 45. Ng3 h4 46. Nf5 g3 47.
hxg3 h3 0-1

[Event "Late-Titled-Tuesday-Blitz-April-02-2024"]
[Site "Chess.com"]
[Date "2024.04.02"]
[Round "2"]
[White "Fengwi"]
[Black "GodzillaChessYoutube"]
[Result "0-1"]
[WhiteElo "2438"]
[BlackElo "2698"]
[TimeControl "180+1"]
[EndTime "14:16:52 PDT"]
[Termination "GodzillaChessYoutube won on time"]

1. Nf3 d5 2. b3 Bf5 3. Bb2 e6 4. g3 h6 5. c4 Nf6 6. Bg2 Be7 7. O-O O-O 8. d3 Bh7 9. Nbd2 a5 10. a3 c5 11.
cxd5 Nxd5 12. Rc1 a4 13. bxa4 Qa5 14. Qb3 Ra7 15. Rc4 Nd7 16. Rb1 Rb8 17. Ne5 Nxe5 18. Bxe5 Rba8 19. Ne4 f6 20. Ba1 Bg6 21. Nc3 Bf7 22.
Nb5 Ra6 23. Re4 Rb6 24. Bh3 e5 25. Qc2 Rd8 26. f4 exf4 27. gxf4 Bf8 28. Qc1 Qa8 29. Bg2 Qb8 30. f5 Ra6 31. Nc3 Ne7 32. Rf4 Qc7 33. Rf1 Qd7 0-1

[Event "Late-Titled-Tuesday-Blitz-April-02-2024"]
[Site "Chess.com"]
[Date "2024.04.02"]
[Round "2"]
[White "burritus"]
[Black "giovannibrandao7"]
[Result "1/2-1/2"]
[WhiteElo "2431"]
[BlackElo "2164"]
[TimeControl "180+1"]
[EndTime "14:16:55 PDT"]
[Termination "Game drawn by repetition"]

1. e4 c5 2. Nc3 Nc6 3. g3 g6 4. Bg2 Bg7 5. d3 e5 6. f4 d6 7.
Nf3 Nge7 8. O-O O-O 9. f5 gxf5 10.
Nh4 fxe4 11. dxe4 f5 12. Bg5 h6 13. Be3 Nd4 14. Qd2 Rf6 15. exf5 Nexf5 16. Nd5 Rf8 17. Ng6 Nxe3 18. Nde7+ Kh7 19. Nxf8+ Bxf8 20. Be4+ Kg7 21. Qxe3 Bxe7 22. c3 Nc6 23. Rad1 Be6 24. Qf3 Qe8 25. Bf5 Bxf5 26. Qxf5 Rd8 27. Qg4+ Qg6 28. Qc4 Bg5 29.
Kg2 Be3 30. Rf3 Qc2+ 31. Kh3 Qxd1 32. Qf7+ Kh8 33. Qf6+ Kh7 34. Qf7+ Kh8 35. Rf1 Qd3 36. Qf6+ Kg8 37. Qf7+ Kh8 38. Qf6+ Kg8 39. Qf7+ Kh8 1/2-1/2

[Event "Late-Titled-Tuesday-Blitz-April-02-2024"]
[Site "Chess.com"]
[Date "2024.04.02"]
[Round "2"]
[White "Nathan_Filgueiras"]
[Black "Kiborg95"]
[Result "0-1"]
[WhiteElo "2564"]
[BlackElo "2850"]
[TimeControl "180+1"]
[EndTime "14:16:56 PDT"]
[Termination "Kiborg95 won by resignation"]

1. e4 d6 2. d4 Nf6 3. Nc3 e5 4. Nf3 Nbd7 5. Bc4 Be7 6. O-O O-O 7. Bb3 c6 8. Re1 b5 9. d5 Bb7 10. dxc6 Bxc6 11. Bg5 a5 12. Bxf6 Nxf6 13. Nd5 Rc8 14. c3 Nd7 15. Qd3 Nc5 16. Qd2 a4 17. Bc2 Re8 18. Rad1 Bf8 19. Qe3 Rb8 20. Nb4 Bb7 21. Rd2 h6 22. Red1 Qa5 23. a3 Qa8 24. Nd5 Qa5 25. h4 Bc8 26. Nb4 Qc7 27. Nd5 Qd8 28.
g3 Bg4 29. Re1 Nd7 30. Nh2 Be6 31. Nb4 Qc8 32. Qf3 Nf6 33. Red1 Qc5 34. Nd5 Bxd5 35. exd5 e4 36. Qf4 Re5 37. Ng4 Nxd5 38. Rxd5 Rxd5 39. Re1 f5 40. Ne3 Re5 41. Bb1 g6 42. h5 g5 43.
Ba2+ Kh8 0-1

[Event "Late-Titled-Tuesday-Blitz-April-02-2024"]
[Site "Chess.com"]
[Date "2024.04.02"]
[Round "2"]
[White "laskakid"]
[Black "colegiodemadrid"]
[Result "1-0"]
[WhiteElo "2303"]
[BlackElo "2514"]
[TimeControl "180+1"]
[EndTime "14:16:56 PDT"]
[Termination "laskakid won by resignation"]

1. e4 e5 2. Nf3 Nf6 3. d3 Nc6 4. g3 d5 5. exd5 Nxd5 6. Bg2 Bc5 7. O-O O-O 8. Nc3 Nxc3 9. bxc3 Bb6 10. Re1 Re8 11.
Rb1 Be6 12. c4 Bg4 13. h3 Bh5 14. Be3 Ba5 15. Bd2 Bb6 16. Bc3 f6 17. g4 Bg6 18.
Nh4 Qd7 19. Nxg6 hxg6 20. Bd5+ Kf8 21. Qf3 Qd6 22. h4 Nd4 23. Bxd4 exd4 24. Bxb7 Rxe1+ 25. Rxe1 Re8 26. Be4 Qe5 27. Rb1 g5 28. Rb5 c5 29.
h5 Bc7 30. Kf1 Bb6 31. a4 Qc7 32. Qf5 a6 33. Rb1 Ba5 34. Rb7 Qh2 35. Qd7 Qh3+ 36. Ke2 Rxe4+ 37. dxe4 d3+ 38. cxd3 Qxg4+ 39. Qxg4 1-0

[Event "Late-Titled-Tuesday-Blitz-April-02-2024"]
[Site "Chess.com"]
[Date "2024.04.02"]
[Round "2"]
[White "PetrolulSah"]
[Black "Carlitus2004"]
[Result "1/2-1/2"]
[WhiteElo "2228"]
[BlackElo "2468"]
[TimeControl "180+1"]
[EndTime "14:16:56 PDT"]
[Termination "Game drawn - insufficient material"]

1. d4 d5 2. c4 e6 3. Nf3 h6 4. g3 Nf6 5. Bg2 Nc6 6. O-O b6 7. Ne5 Bb7 8. Qa4 Qd6 9. Bf4 Qb4 10. Qxb4 Bxb4 11. Nxc6 Bxc6 12. Bxc7 Rc8 13. Be5 dxc4 14. Bxf6 gxf6 15. Rc1 Bxg2 16. Kxg2 Kd7 17. Nc3 Bxc3 18. bxc3 h5 19. h4 Kc6 20. a4 Rhd8 21. Rcb1 Rd5 22. e4 Ra5 23. Rb4 Kb7 24. Rb5 Rxb5 25. axb5 Rc7 26.
Ra4 Kc8 27. f3 Kd7 28. g4 hxg4 29. fxg4 Ke7 30. h5 Kf8 31. Kf3 Kg7 32. Kf4 Kh6 33. Ra1 Re7 34. e5 fxe5+ 35. dxe5 Rd7 36. Ra4 Rd5 37.
Rxc4 Rxb5 38. Rc7 Rb1 39. Rxa7 Rf1+ 40. Kg3 Kg5 41. Rb7 Rg1+ 42. Kf2 Rxg4 43. Rxf7 Kxh5 44. Rb7 Re4 45. Rxb6 Rxe5 46. Kf3 Kg5 47. c4 Kf5 48. Rb5 Rxb5 49. cxb5 Ke5 50. b6 Kd6 51. Ke4 Kc6 52.
Ke5 Kxb6 53. Kxe6 1/2-1/2

[Event "Late-Titled-Tuesday-Blitz-April-02-2024"]
[Site "Chess.com"]
[Date "2024.04.02"]
[Round "2"]
[White "Msb2"]
[Black "CarrotsandPizza"]
[Result "1-0"]
[WhiteElo "3035"]
[BlackElo "2614"]
[TimeControl "180+1"]
[EndTime "14:16:58 PDT"]
[Termination "Msb2 won on time"]

1. d4 Nf6 2. c4 g6 3. Nc3 Bg7 4. e4 d6 5. Be2 O-O 6. Nf3 Na6 7. O-O e5 8. Be3 c6 9. d5 Qe7 10. Nd2 Nd7 11. Qc2 f5 12. f4 Nf6 13. fxe5 dxe5 14. exf5 gxf5 15. Rae1 Nb4 16. Qb3 a5 17. a3 Na6 18. d6 Qe8 19. c5+ Kh8 20. Nc4 Be6 21. Qxb7 f4 22. Nxe5 fxe3 23. Bxa6 Nd7 24. Nxd7 Qxd7 25.
Rxf8+ Rxf8 26. Qxd7 Bxd7 27. Na4 Bd4 28. Be2 Rf2 29.
b4 axb4 30. axb4 Kg7 31. h3 Kf7 32. Nb6 Ke8 33. Nc4 Bc3 34. Bh5+ Kd8 35. Rxe3 Rc2 36. Rf3 Be8 37. Rf8 1-0

[Event "Late-Titled-Tuesday-Blitz-April-02-2024"]
[Site "Chess.com"]
[Date "2024.04.02"]
[Round "2"]
[White "Hamisandwich"]
[Black "Valiyev_Shahin"]
[Result "1-0"]
[WhiteElo "2708"]
[BlackElo "2435"]
[TimeControl "180+1"]
[EndTime "14:16:59 PDT"]
[Termination "Hamisandwich won on time"]

1. e4 c5 2. Nc3 d6 3. d4 cxd4 4.
Qxd4 Nc6 5. Qd1 g6 6. b3 Bg7 7. Bb2 Nf6 8. f3 O-O 9. Qd2 a5 10. Bb5 Bd7 11. Nge2 Rc8 12. O-O-O Nb4 13. Bxd7 Nxd7 14. a3 Nc5 15. Kb1 Nc6 16. h4 a4 17.
b4 Ne6 18. f4 Ned4 19. h5 Nxe2 20. Nxe2 Bxb2 21. Kxb2 Qb6 22. hxg6 fxg6 23. Qd5+ Kg7 24.
Qg5 Rf7 25. Rxh7+ Kxh7 26. Rh1+ Kg8 27. Qxg6+ Rg7 28. Qe6+ Rf7 29. Qxc8+ Rf8 30. Qg4+ Kf7 31. Qh5+ Ke6 32. Qg4+ Kf7 33. Rh7+ Ke8 34. Qc8+ Nd8 35. Qc3 1-0

[Event "Late-Titled-Tuesday-Blitz-April-02-2024"]
[Site "Chess.com"]
[Date "2024.04.02"]
[Round "2"]
[White "campochess"]
[Black "esrosenberg"]
[Result "0-1"]
[WhiteElo "2180"]
[BlackElo "2455"]
[TimeControl "180+1"]
[EndTime "14:16:59 PDT"]
[Termination "esrosenberg won by resignation"]

1. Nc3 e5 2. g3 d5 3. Bg2 d4 4. Nb1 Nc6 5. c3 Nf6 6. Nf3 Bd6 7. d3 h6 8. O-O O-O 9. e4 dxe3 10. Bxe3 Bf5 11.
Ne1 Qd7 12. a4 a5 13. Na3 Rad8 14. Qb3 b6 15. Rd1 Bxa3 16. Qxa3 Nd5 17. Bc1 Bh3 18. d4 Bxg2 19. Nxg2 exd4 20. cxd4 Qg4 21. Ne3 Qf3 22. Nxd5 Qxd5 23. Be3 Rd6 24. Qc3 Rfd8 25. Rd2 h5 26. h4 R8d7 27. Rfd1 Rg6 28. Kh2 Ne7 29. Bf4 Nf5 30. Rd3 Nxh4 31. Rg1 Nf5 32. b3 c5 33.
Rgd1 Nxd4 34. Qc4 Qxc4 35. bxc4 Re7 36. Kh3 f5 37. Rxd4 cxd4 38. Rxd4 Kf7 39. Rd5 Rc6 40.
Rxf5+ Kg6 41. Rg5+ Kf6 42. Rxh5 Kf7 43. c5 Rxc5 44.
Rh4 Rc4 45. Be3 Rxh4+ 46. Kxh4 Re4+ 47. Kg5 Rxa4 48. Bxb6 Ra2 49. f4 a4 50. g4 Rb2 51.
Bd4 Rb5+ 52. f5 a3 53. Ba1 a2 54. Kf4 Rb1 55. Be5 a1=Q 0-1

[Event "Late-Titled-Tuesday-Blitz-April-02-2024"]
[Site "Chess.com"]
[Date "2024.04.02"]
[Round "2"]
[White "GMAkobianSTL"]
[Black "becemix"]
[Result "1-0"]
[WhiteElo "2769"]
[BlackElo "2464"]
[TimeControl "180+1"]
[EndTime "14:17:00 PDT"]
[Termination "GMAkobianSTL won on time"]

1. d4 Nf6 2. c4 e6 3. Nf3 d5 4. cxd5 exd5 5. Nc3 c6 6. Qc2 Be7 7. Bg5 O-O 8. e3 Nbd7 9. Bd3 Re8 10. O-O Nf8 11.
Rab1 a5 12. a3 Ne4 13. Bxe7 Qxe7 14. b4 axb4 15. axb4 Nxc3 16. Qxc3 Bd7 17. Rfc1 f6 18. b5 Ra3 19. Qc2 cxb5 20. Bxb5 Rc8 21. Qb2 Rxc1+ 22. Rxc1 Bxb5 23. Qxb5 Qd7 24. Qb4 Ra6 25. h3 Rc6 26. Rb1 b6 27. Ne1 Qd6 28. Qb5 h5 29. Nd3 Nd7 30. Nb4 Rc4 31. Qxd5+ Qxd5 32. Nxd5 h4 33.
Nxb6 Nxb6 34. Rxb6 Rc1+ 35. Kh2 Rf1 36. f3 Rd1 37.
Rb4 Kh7 38. d5 Kg6 39. Rxh4 Rxd5 40. Rd4 Ra5 41. Rd2 Ra2 42. Rxa2 1-0

[Event "Late-Titled-Tuesday-Blitz-April-02-2024"]
[Site "Chess.com"]
[Date "2024.04.02"]
[Round "2"]
[White "cthulhuuu"]
[Black "carloseduar100"]
[Result "0-1"]
[WhiteElo "2447"]
[BlackElo "2203"]
[TimeControl "180+1"]
[EndTime "14:17:00 PDT"]
[Termination "carloseduar100 won by resignation"]

1. e4 e6 2. d3 d5 3. Nd2 Nf6 4. Ngf3 c5 5. g3 Nc6 6. Bg2 Be7 7. O-O b5 8. Re1 a5 9. h4 Bb7 10. exd5 Nxd5 11. c4 bxc4 12. dxc4 Nb6 13. Qe2 O-O 14.
Ne4 Nd4 15. Nxd4 cxd4 16. Qd3 e5 17. Ng5 Bxg5 18. Bxb7 Bxc1 19. Raxc1 Rb8 20. Be4 g6 21.
Bg2 Re8 22. h5 f5 23. hxg6 hxg6 24. b3 e4 25. Qd2 Kg7 26. c5 Na8 27. c6 Rc8 28. Red1 d3 29. Qc3+ Kh7 30. f3 Qb6+ 31. Qc5 Rxc6 32. Qxb6 Rxb6 33. fxe4 fxe4 34. Rc4 e3 35.
Re4 Rxe4 36. Bxe4 e2 37. Ra1 d2 38. Kf2 e1=Q+ 39. Rxe1 dxe1=Q+ 40. Kxe1 Re6 0-1